 Dungeon Crawl Stone Soup version 0.31-a0-193-gdfe2569204 (webtiles) character file.

Game seed: 4647139977267525035

58 qw the Shooter (level 3, -1/20 HPs)
             Began as a Deep Elf Hunter on June 24, 2023.
             Slain by a worm (4 damage)
             ... on level 1 of the Dungeon.
             The game lasted 00:00:26 (1031 turns).

qw the Shooter (Deep Elf Hunter)                    Turns: 1031, Time: 00:00:26

Health: -1/20      AC:  6    Str: 10    XL:     3   Next: 76%
Magic:  5/5        EV: 11    Int: 13    God:
Gold:   51         SH:  0    Dex: 18    Spells: 2/2 levels left

rFire   + . .        Y - +0 shortbow
rCold   . . .        (shield currently unavailable)
rNeg    . . .        i - +1 ring mail {rF+}
rPois   +            (no helmet)
rElec   .            (no cloak)
rCorr   .            (no gloves)
SInv    .            (no boots)
Will    .....        (no amulet)
Stlth   +            k - ring of poison resistance
HPRegen 0.23/turn    (no ring)
MPRegen 0.09/turn

%: no passive effects
@: no status effects
A: no striking features
a: no special abilities


You were on level 1 of the Dungeon.
You visited 1 branch of the dungeon, and saw 2 of its levels.

You collected 51 gold pieces.


   Skills:
 - Level 1.5 Fighting
 + Level 7.2 Ranged Weapons
 - Level 2.4 Dodging
 - Level 1.2 Stealth


You had 2 spell levels left.
You didn't know any spells.
Your spell library was empty.

Inventory:

Hand Weapons
 Y - a +0 shortbow (weapon)
Armour
 i - a +1 ring mail of fire resistance (worn)
Jewellery
 k - a ring of poison resistance (left hand)
Potions
 b - a potion of ambrosia {unknown}
 d - a potion of curing {unknown}
 f - a potion of degeneration {unknown}
 h - a potion of lignification {unknown}
 j - a potion of might {unknown}

Dungeon Overview and Level Annotations

Branches:
Dungeon (2/15)

Altars:


Message History

The quokka misses you. The worm bites you but does no damage.
You shoot an arrow.
The arrow hits the worm but does no damage.
The worm is lightly wounded.
The quokka bites you but does no damage.
The quokka completely misses you. The worm bites you but does no damage.
You shoot an arrow. The arrow hits the worm.
The worm is moderately wounded.
The quokka bites you.
You shoot an arrow. The arrow completely misses the worm.
The quokka bites you but does no damage.
The worm barely misses you.
The quokka bites you but does no damage.
You shoot an arrow. The arrow hits the worm.
The worm is heavily wounded.
The worm bites you but does no damage. The quokka bites you.
The worm barely misses you.
1025 ||| STAIRDANCE The quokka closely misses you.
The worm bites you!
You climb upwards.
There is a stone staircase leading down here.
You see here a +0 scale mail.
You shoot an arrow. The arrow hits the worm!
The worm is almost dead.
The worm completely misses you.
You shoot an arrow.
The arrow hits the worm but does no damage.
The worm is almost dead.
The worm bites you. x2
You shoot an arrow.
The arrow hits the worm but does no damage.
The worm is severely wounded.
The worm barely misses you.
You shoot an arrow. The arrow hits the worm.
You kill the worm!
You shoot an arrow.
The arrow hits the worm but does no damage.
The quokka bites you but does no damage.
The worm bites you.
You die...

####### #.....# #.....# ###
#.....# ..# #.....# ..#
#)....###
..#################.......#
...............r@##.....#.#
..########'#####w##.....#.#
..# #.........##.##...###.#
..# #.........##.##...# #.#
### #.........##..'...# #.#
##...##########...# #.#
###..### ##### #.# ##...##
#.# #..### #.#


You could see a worm and a quokka.

Vanquished Creatures
  2 adders (D:2)
  A worm (D:1)
  2 dart slugs
  5 endoplasms
  A giant cockroach (D:2)
  2 goblins
  A hobgoblin (D:1)
  5 jackals
  2 quokkas
  5 ball pythons
  2 bats (D:1)
  2 frilled lizards
  2 rats (D:2)
32 creatures vanquished.

Notes
Turn   | Place    | Note
-------+----------+-------------------------------------------
     0 | D:1      | qw the Deep Elf Hunter began the quest for the Orb.
     0 | D:1      | Reached XP level 1. HP: 12/12 MP: 3/3
     0 | D:1      | 0 ||| qw: Version: 0.3-a-9-g12657ce
     0 | D:1      | 0 ||| qw: Game counter: 4727
     0 | D:1      | 0 ||| qw: Always use a shield: true
     0 | D:1      | 0 ||| qw: God list: Okawaru
     0 | D:1      | 0 ||| qw: Allow faded altars: false
     0 | D:1      | 0 ||| qw: Do Orc after D:15 true
     0 | D:1      | 0 ||| qw: Do second Lair branch before Depths: true
     0 | D:1      | 0 ||| qw: Lair rune preference: random
     0 | D:1      | 0 ||| qw: Plans: Normal
     0 | D:1      | 0 ||| PLANNING D:1-11
    85 | D:1      | Reached XP level 2. HP: 16/16 MP: 4/4
    89 | D:1      | Reached skill level 6 in Ranged Weapons
   648 | D:1      | 648 ||| UPGRADING to +0 scale mail.
   658 | D:1      | 658 ||| DROPPING +0 leather armour.
   659 | D:1      | 659 ||| READING scroll labelled OREESS OFUTI.
   660 | D:1      | 660 ||| DROPPING scroll of butterflies.
   789 | D:2      | Reached XP level 3. HP: 16/20 MP: 5/5
   875 | D:2      | Reached skill level 7 in Ranged Weapons
   879 | D:2      | 879 ||| FLEEEEING.
   880 | D:2      | 880 ||| FLEEEEING.
   881 | D:2      | 881 ||| FLEEEEING.
   882 | D:2      | 882 ||| FLEEEEING.
   883 | D:2      | 883 ||| FLEEEEING.
   884 | D:2      | 884 ||| FLEEEEING.
   885 | D:2      | 885 ||| STAIRDANCE
   902 | D:1      | 902 ||| UPGRADING to +1 ring mail of fire resistance.
   912 | D:1      | 912 ||| DROPPING +0 scale mail.
   913 | D:1      | 913 ||| UPGRADING to ring of poison resistance.
   914 | D:1      | 914 ||| READING scroll labelled BUNUJU YGOKAO.
   915 | D:1      | 915 ||| READING scroll labelled ONNEMY AC FITH.
  1016 | D:1      | 1016 ||| READING scroll labelled DOYXAWA QOSSO.
  1025 | D:2      | 1025 ||| STAIRDANCE
  1028 | D:1      | HP: 2/20 [worm (6)]
  1031 | D:1      | Slain by a worm

Levels and vault maps discovered:
D:1:      saegor_arrival_simple_d, layout_basic, kennysheep_small_spiral
D:2:      minmay_inner_zag, layout_basic, shapermc_ecumenical_altar_ellora,
          st_stairs_1, uniq_robin

Skill      XL: |  1  2  3 |
---------------+----------+-----
Ranged Weapons | 6 7 |  7.2
Fighting       | |  1.5
Dodging        | |  2.4
Stealth        | |  1.2

Action                     || total
---------------------------++-------
   Fire: Shortbow          ||    87
    Use: Scroll            ||     4
 Armour: Scale mail        ||    15
         Leather armour    ||     1
         Ring mail         ||     8
  Dodge: Dodged            ||    20

Table legend:
 A = Non-vault XP
 B = Vault XP
 C = Vault XP percentage of total XP
 D = Non-vault monster count
 E = Vault monster count
 F = Vault count percentage of total count
                 A         B        C        D         E       F
            +---------+---------+-------+---------+---------+-------
      Total |      76 |       8 |   9.5 |      29 |       3 |   9.4
            +---------+---------+-------+---------+---------+-------
        D:1 |      38 |       0 |   0.0 |      19 |       0 |   0.0
        D:2 |      38 |       8 |  17.4 |      10 |       3 |  23.1
            +---------+---------+-------+---------+---------+-------
